 Dungeon Crawl Stone Soup version 0.28-a0-1114-g8eb0198dcf (webtiles) character file.

Game seed: 14880530099825840069

94 ChaosChampion the Insei (level 4, 0/28 HPs)
             Began as an Octopode Transmuter on Dec 11, 2021.
             Slain by Grinder (5 damage)
             ... on level 3 of the Dungeon.
             The game lasted 00:04:12 (2273 turns).

ChaosChampion the Insei (Octopode Transmuter)       Turns: 2273, Time: 00:04:13

Health: 0/28       AC:  1    Str: 15    XL:     4   Next: 63%
Magic:  4/7        EV: 13    Int: 17    God:
Gold:   141        SH:  0    Dex: 12    Spells: 1/7 levels left

rFire   . . .      SeeInvis .     - Unarmed
rCold   . . .      Faith    .   (no shield)
rNeg    . . .      Spirit   .   (helmet restricted)
rPois   .          Reflect  .   (no amulet)
rElec   .          Harm     .   a - +6 ring of strength
rCorr   .          Rampage  .   (no ring)
Will    .....                   (no ring)
Stlth   ++........              (no ring)
HPRegen 0.09/turn               (no ring)
MPRegen 0.10/turn               (no ring)
                                (no ring)
                                (no ring)

@: wereblooded
A: almost no armour, amphibious, 8 rings, camouflage 1, gelatinous body 1,
(nimble swimmer 1), tentacles
a: no special abilities


You were on level 3 of the Dungeon.
You visited 1 branch of the dungeon, and saw 3 of its levels.

You collected 141 gold pieces.

Inventory:

Jewellery
 a - a +6 ring of strength (left tentacle)
Scrolls
 b - 2 scrolls of fear {unknown}
 c - a scroll of immolation {unknown}
 d - 2 scrolls of noise {unknown}
Potions
 e - a potion of lignification {unknown}
 f - a potion of curing {unknown}
 g - a potion of might {unknown}
 h - a potion of invisibility


   Skills:
 - Level 1.0 Fighting
 - Level 2.0 Dodging
 * Level 4.6 Unarmed Combat
 - Level 2.0 Spellcasting
 + Level 3.0 Transmutations


You had one spell level left.
You knew the following spells:

 Your Spells              Type           Power      Damage    Failure   Level
a - Beastly Appendage     Tmut           24%        N/A       5%          1
b - Wereblood             Tmut           12%        N/A       9%          2
c - Spider Form           Tmut/Pois      6%         N/A       30%         3

Your spell library contained the following spells:

 Spells                   Type           Power      Damage    Failure   Level
 Ice Form                 Ice/Tmut       6%         N/A       71%         4


Dungeon Overview and Level Annotations

Branches:
Dungeon (3/15)

Altars:

Annotations:
D:2 Sigmund
D:3 Grinder


Innate Abilities, Weirdness & Mutations

You cannot wear most types of armour.
You are amphibious.
You can wear up to eight rings at the same time.
Your skin changes colour to match your surroundings (Stealth+).
Your rubbery body absorbs attacks. (AC +1, EV +1)
((You are camouflaged near water. (Stealth+)))
You have tentacles for arms and can constrict up to eight enemies at once.


Message History

You bite Grinder!
Grinder is lightly wounded.
Grinder misses you.
You hit Grinder but do no damage.
Grinder is lightly wounded.
Grinder completely misses you.
You bite Grinder!
Grinder is moderately wounded.
Grinder hits you.
You writhe in agony.
You hit Grinder but do no damage.
Grinder is moderately wounded.
Your transformation is almost over.
Grinder hits you but does no damage.
You hit Grinder.
Grinder is moderately wounded.
Grinder gestures at you.
You suddenly lose the ability to move!
Grinder hits you.
You writhe in agony.
Grinder blinks!
Grinder gestures at you.
You shrug off the repeated paralysis!
Grinder hits you but does no damage.
Grinder says, "Don't move a muscle."
Grinder hits you but does no damage.
You can move again.
You bite Grinder!
Grinder is heavily wounded.
Grinder completely misses you.
You bite Grinder!
Grinder is severely wounded.
Grinder blinks!
Your transformation has ended.
Grinder hits you.
* * * LOW HITPOINT WARNING * * *
You writhe in agony.
* * * LOW HITPOINT WARNING * * *
You tentacle-slap Grinder. You grab Grinder. You tentacle-slap Grinder.
Grinder is almost dead.
You constrict Grinder. Grinder hits you.
You die...

###### #....#
#.##.#######
#.##........ ##
#####.##########
#...####.....#
#..5@..#####
..<..####.# ###
### #.# #.. #.#
#.# #.# #.# #.#
#.# #.# #.# #.#
#.# #.# #.# ##.#
#.# #.#
#..#####.###.#


You could see Grinder.

Vanquished Creatures
  Robin (D:2)
  2 adders (D:2)
  A worm (D:2)
  2 endoplasms
  5 giant cockroaches
  17 goblins
  7 hobgoblins
  2 jackals (D:1)
  6 ball pythons
  5 bats
  2 frilled lizards
  4 kobolds
  4 rats
58 creatures vanquished.

Vanquished Creatures (others)
  A demonic plant (D:1)
1 creature vanquished.

Grand Total: 59 creatures vanquished

Notes
Turn   | Place    | Note
-------+----------+-------------------------------------------
     0 | D:1      | ChaosChampion the Octopode Transmuter began the quest for
                  | the Orb.
     0 | D:1      | Reached XP level 1. HP: 13/13 MP: 3/3
    48 | D:1      | Reached XP level 2. HP: 9/18 MP: 5/5
   250 | D:1      | Learned a level 2 spell: Wereblood
   579 | D:1      | Found a faded altar of an unknown god.
   579 | D:1      | Noticed a Brimstone Fiend
   584 | D:1      | Reached XP level 3. HP: 23/23 MP: 4/6
  1001 | D:2      | Reached skill level 4 in Unarmed Combat
  1074 | D:2      | Noticed Sigmund
  1167 | D:2      | Learned a level 3 spell: Spider Form
  1236 | D:2      | Noticed Robin
  1265 | D:2      | Killed Robin
  1266 | D:2      | Reached XP level 4. HP: 28/28 MP: 5/7
  2190 | D:3      | Noticed Grinder
  2263 | D:3      | Paralysed by Grinder for 5 turns
  2273 | D:3      | Slain by Grinder

Illustrated notes

Levels and vault maps discovered:
D:1:      amcnicky_arrival_feature_with_door, layout_rooms,
          dreamdust_ecumenical_altar_sealed_demon
D:2:      layout_loops_cross, uniq_sigmund, uniq_robin
D:3:      layout_loops_ring, slow_altar_2, uniq_grinder

Skill      XL: |  1  2  3  4 |
---------------+-------------+-----
Unarmed Combat | 4 |  4.6
Transmutations | 3 |  3.0
Fighting       | |  1.0
Dodging        | |  2.0
Spellcasting   | |  2.0

Action                   |  1- 3 |  4- 6 || total
-------------------------+-------+-------++-------
Melee: Unarmed           |    78 |    27 ||   105
       Constrict         |    30 |     6 ||    36
       Tentacles         |     8 |       ||     8
       Kick              |    17 |     3 ||    20
       Punch             |       |     1 ||     1
 Cast: Beastly Appendage |    18 |     7 ||    25
       Wereblood         |     2 |     2 ||     4
       Spider Form       |       |     2 ||     2
 Stab: Sleeping          |     1 |     2 ||     3
Armor: Skin              |     8 |     4 ||    12
Dodge: Dodged            |    48 |    16 ||    64

Table legend: (Time is in decaauts)
 A = Elapsed time spent in this place.
 B = Non-inter-level travel time spent in this place.
 C = Inter-level travel time spent in this place.
 D = Time resting spent in this place.
 E = Time spent auto-exploring this place.
 F = Levels seen in this place.
 G = Mean time per level.
                   A        B        C        D        E       F      G
               +--------+--------+--------+--------+--------+-----+--------+
         Total |   2266 |   2266 |      0 |    199 |   1517 |   3 |  755.3 |
       Dungeon |   2266 |   2266 |      0 |    199 |   1517 |   3 |  755.3 |
               +--------+--------+--------+--------+--------+-----+--------+

Top non-repeatable levels by time:
     D:1: 1034 daAuts
     D:2: 861 daAuts
     D:3: 371 daAuts
